 Dungeon Crawl Stone Soup version 0.27-a0-899-ge2d0b17c59 (webtiles) character file.

Game seed: 17136981618673872619

170 siradein the Magician (level 5, -13/37 HPs)
             Began as a Djinni Hedge Wizard on Apr 5, 2021.
             Shot with an arrow by a centaur (14 damage)
             ... on level 3 of the Dungeon.
             The game lasted 00:13:59 (3253 turns).

siradein the Magician (Djinni Hedge Wizard)         Turns: 3253, Time: 00:14:01

Health: -13/37     AC:  5    Str:  9    XL:     5   Next: 51%
Gold:   82         EV: 12    Int: 16    God:
                   SH:  0    Dex: 13

rFire    + + .     SeeInvis .   e - +4 whip
rCold    x . .     Faith    .   (no shield)
rNeg     . . .     Spirit   .   b - +0 robe
rPois    ∞         Reflect  .   c - +0 hat
rElec    .         Harm     .   a - +2 cloak
rCorr    .         Rampage  .   (no gloves)
Will     .....                  (boots unavailable)
Stlth    ++........             h - amulet of the acrobat
HPRegen  0.12/turn              (no ring)
MPRegen  0.00/turn              (no ring)

@: flying
A: fire resistance 2, cold vulnerability 1, float, innate caster, hp casting,
extra vitality 1
a: no special abilities


You were on level 3 of the Dungeon.
You visited 1 branch of the dungeon, and saw 3 of its levels.

You collected 82 gold pieces.

Inventory:

Hand Weapons
 e - a +4 whip (weapon)
Armour
 a - a +2 cloak (worn)
 b - a +0 robe (worn)
 c - a +0 hat (worn)
Magical Staves
 i - a staff of earth
Jewellery
 h - an amulet of the acrobat (around neck)
Scrolls
 f - a scroll of fog {unknown}
Potions
 d - a potion of invisibility
 g - a potion of curing
 j - a potion of haste {unknown}


   Skills:
 - Level 1.3 Fighting
 - Level 2.1 Dodging
 - Level 1.5 Stealth
 + Level 4.9 Spellcasting


You couldn't memorise any spells.
You knew the following spells:

 Your Spells              Type           Power      Damage    Failure   Level
a - Magic Dart            Conj           76%        1d6       1%          1
b - Blink                 Tloc           N/A        N/A       3%          2
c - Call Imp              Summ           19%        N/A       3%          2
d - Slow                  Hex            19%        N/A       3%          2
e - Conjure Flame         Conj/Fire      19%        6-21      6%          3
f - Mephitic Cloud        Conj/Pois/Air  19%        N/A       6%          3
g - Animate Skeleton      Necr           38%        N/A       1%          1
h - Passwall              Tmut/Erth      15%        N/A       3%          2
Your spell library was empty.

Dungeon Overview and Level Annotations

Branches:
Dungeon (3/15)

Altars:
Uskayaw


Innate Abilities, Weirdness & Mutations

You are immune to poison.
Your flesh is very heat resistant. (rF++)
You are vulnerable to cold. (rC-)
You float through the air rather than walking.
You learn spells naturally, not from books.
Your magical power is your life essence.
You have superior vitality. (+4 HP)


Message History

The frilled lizard hisses angrily.
Aiming: Magic Dart (safe; 1% risk of failure)
Press: ? - help, Q - select action, (/) - cycle Shift-Dir - straight line, f - centaur
Aim: a centaur, quivering arrows (wandering, hasn't noticed you, 0% to evade)
Okay, then.
Casting: Magic Dart (safe; 1% risk of failure)
Confirm with . or Enter, or press ? or * to list all spells.
A metallic apparition takes form in the air.
The centaur shouts!
You hear a shout!
You hear a bark! x2
You swap places.
What are your orders? t - Shout!
Orders for allies: a - Attack new target. r - Retreat! s - Stop attacking. g - Guard the area. f - Follow me.
Anything else - Cancel.
Gang up on whom?
Press: ? - help, Dir - move target, f - centaur
Aim: a centaur, quivering arrows Attack!
The centaur wields a +0 shortbow.
The centaur shoots an arrow.
The arrow closely misses your iron imp. The arrow barely misses you.
Casting: Call Imp (safe; 3% risk of failure)
Confirm with . or Enter, or press ? or * to list all spells.
A metallic apparition takes form in the air.
The centaur shoots an arrow.
The arrow barely misses your iron imp. The arrow hits you!
Your iron imp hits the centaur but does no damage.
The centaur shoots an arrow.
The arrow hits your iron imp!
Casting: Call Imp (safe; 3% risk of failure)
Confirm with . or Enter, or press ? or * to list all spells.
A beastly little devil appears in a puff of flame.
The centaur shoots an arrow.
The arrow hits your iron imp!
Your iron imp dies!
Casting: Call Imp (safe; 3% risk of failure)
Confirm with . or Enter, or press ? or * to list all spells.
A beastly little devil appears in a puff of frigid air.
The centaur shoots an arrow.
The arrow hits you!
* * * LOW HITPOINT WARNING * * *
The centaur shoots an arrow.
The arrow hits you!
You die...

##### ###...#######
#...#.......##
#..55#.5.....#
############..#.@.#...#..
...............###.c#..#
.........#####.# #.## .#
#........# #..# +..
#........# #.#. .###
#._...#### #. .#. #.....#
## ##. #.....# ### #l
....#...... ..


You could see a centaur (ally target), a friendly iron imp (summoned), a
friendly crimson imp (summoned) and a friendly white imp (summoned).

Vanquished Creatures
  An adder (D:2)
  A worm (D:2)
  2 dart slugs (D:1)
  7 ball pythons
  4 bats
  4 endoplasms
  4 goblins (D:1)
  5 hobgoblins
  7 jackals
  3 kobolds (D:1)
  3 quokkas
  2 frilled lizards (D:1)
  5 rats
48 creatures vanquished.

Vanquished Creatures (collateral kills)
  Sigmund (D:2)
  Jessica (D:2)
  A jackal (D:2)
3 creatures vanquished.

Grand Total: 51 creatures vanquished

Notes
Turn   | Place    | Note
-------+----------+-------------------------------------------
     0 | D:1      | siradein the Djinni Hedge Wizard began the quest for the
                  | Orb.
     0 | D:1      | Reached XP level 1. HP: 15/15 MP: 0/0
   270 | D:1      | Found a faded altar of an unknown god.
   313 | D:1      | Reached skill level 1 in Fighting
   313 | D:1      | Reached XP level 2. HP: 18/22 MP: 0/0
   575 | D:1      | Reached skill level 3 in Spellcasting
  1025 | D:1      | Reached XP level 3. HP: 16/27 MP: 0/0
  1025 | D:1      | Learned a level 1 spell: Animate Skeleton
  2481 | D:2      | Reached XP level 4. HP: 31/32 MP: 0/0
  2537 | D:2      | Noticed Sigmund
  2577 | D:2      | Killed Sigmund
  2578 | D:2      | Reached skill level 4 in Spellcasting
  2578 | D:2      | Reached XP level 5. HP: 17/37 MP: 0/0
  2578 | D:2      | Learned a level 2 spell: Passwall
  2966 | D:2      | Noticed Jessica
  2972 | D:2      | Killed Jessica
  3124 | D:3      | Noticed a +0 hand axe
  3124 | D:3      | Noticed a +0 dagger
  3164 | D:3      | Found a hide-covered altar of Uskayaw.
  3246 | D:3      | Noticed a centaur
  3253 | D:3      | HP: 1/37 [centaur/arrow (15)]
  3253 | D:3      | Shot with an arrow by a centaur

Illustrated notes

Levels and vault maps discovered:
D:1:      minmay_arrival_open_corners, layout_loops_ring,
          basic_ecumenical_altar, grunt_decor_clamped
D:2:      layout_rooms, grunt_decor_cap, minivault_14, uniq_jessica,
          uniq_sigmund
D:3:      layout_basic, dancing_weapons_uskayaw,
          minmay_fractal_squares_diagonal_5, uniq_natasha

Skill      XL: |  1  2  3  4 |
---------------+-------------+-----
Fighting       | 1 |  1.3
Spellcasting   | 3 4 |  4.9
Dodging        | |  2.1
Stealth        | |  1.5

Action                   |  1- 3 |  4- 6 || total
-------------------------+-------+-------++-------
Melee: Whip              |     8 |       ||     8
 Cast: Magic Dart        |    98 |    26 ||   124
       Call Imp          |     4 |     9 ||    13
       Animate Skeleton  |     1 |       ||     1
       Conjure Flame     |       |     1 ||     1
       Mephitic Cloud    |       |     1 ||     1
  Use: Scroll            |     2 |       ||     2
Armor: Robe              |    39 |       ||    39
Dodge: Dodged            |    41 |     3 ||    44

Table legend: (Time is in decaauts)
 A = Elapsed time spent in this place.
 B = Non-inter-level travel time spent in this place.
 C = Inter-level travel time spent in this place.
 D = Time resting spent in this place.
 E = Time spent auto-exploring this place.
 F = Levels seen in this place.
 G = Mean time per level.
                   A        B        C        D        E       F      G
               +--------+--------+--------+--------+--------+-----+--------+
         Total |   3252 |   3172 |     80 |      8 |   2817 |   3 | 1084.0 |
       Dungeon |   3252 |   3172 |     80 |      8 |   2817 |   3 | 1084.0 |
               +--------+--------+--------+--------+--------+-----+--------+

Top non-repeatable levels by time:
     D:1: 1844 daAuts
     D:2: 1279 daAuts
     D:3: 128 daAuts
